 Dungeon Crawl Stone Soup version 0.29.1-12-g30fa7ad0bf (webtiles) character file.

Game seed: 11410599054744210379

1453 nightchill the Summoner (level 8, -10/41 HPs)
             Began as a Tengu Summoner on Jan 14, 2023.
             Was an Initiate of Ashenzari.
             Killed from afar by a gnoll (16 damage)
             ... with a bolt of light
             ... led by a gnoll sergeant
             ... on level 5 of the Dungeon.
             The game lasted 00:20:10 (5871 turns).

nightchill the Summoner (Tengu Summoner)            Turns: 5871, Time: 00:20:11

Health: -10/41     AC:  9    Str:  9    XL:     8   Next: 75%
Magic:  15/26      EV: 15    Int: 18    God:    Ashenzari [......]
Gold:   257        SH:  0    Dex: 14    Spells: 9/18 levels left

rFire   . . .      SeeInvis .   r - +2 dagger (protect)
rCold   . . .      Faith    .   (no shield)
rNeg    . . .      Spirit   .   o - +2 robe {Will+}
rPois   .          Reflect  .   (helmet restricted)
rElec   .          Harm     .   (no cloak)
rCorr   .          Rampage  .   s - +0 pair of gloves "Prophetic Pessimism" {Cun, Range} (curse)
Will    +....                   (boots unavailable)
Stlth   ++........              (no amulet)
HPRegen 0.13/turn               m - +4 ring of protection
MPRegen 0.20/turn               y - ring of magical power

@: flying quickly and evasively, quick
A: beak, talons 3, nimble flight
a: Renounce Religion, Shatter the Chains


You were on level 5 of the Dungeon.
You worshipped Ashenzari.
Ashenzari was noncommittal.
You visited 2 branches of the dungeon, and saw 6 of its levels.
You also visited: Sewer.

You collected 257 gold pieces.

Inventory:

Hand Weapons
 c - a +0 dagger
 r - a +2 dagger of protection (weapon)
 x - a +1 whip of flaming
Armour
 a - a +0 robe
 o - a +2 robe of willpower (worn)
 s - the cursed +0 pair of gloves "Prophetic Pessimism" (worn) {Cun, Range}
   (You found it on level 2 of the Dungeon)

   It has a curse which improves the following skills: Cunning: Dodging and
   Stealth.
   Ranged Combat: Ranged Weapons and Throwing.
Jewellery
 m - a +4 ring of protection (left hand)
 y - a ring of magical power (right hand)
Wands
 q - a wand of polymorph (10)
Scrolls
 d - a scroll of magic mapping {unknown}
 e - a scroll of immolation {unknown}
 g - a scroll of fear {unknown}
 i - a scroll of torment {unknown}
 j - a scroll of enchant armour {unknown}
 k - a scroll of butterflies {unknown}
 l - a scroll of teleportation {unknown}
 p - 2 scrolls of poison
 z - a scroll of vulnerability {unknown}
Potions
 b - 2 potions of magic
 f - 3 potions of heal wounds
 h - a potion of haste
 n - 2 potions of mutation
 t - 2 potions of resistance
 u - a potion of cancellation {unknown}
 v - a potion of attraction {unknown}
 w - a potion of berserk rage {unknown}


   Skills:
 - Level 2.1(2.5) Dodging
 - Level 2.0(2.3) Stealth
 + Level 5.8 Spellcasting
 * Level 11.3 Summonings


You had 9 spell levels left.
You knew the following spells:

 Your Spells              Type           Power      Damage    Failure   Level
a - Summon Small Mammal   Summ           100%       N/A       1%          1
b - Call Imp              Summ           46%        N/A       1%          2
c - Call Canine Familiar  Summ           46%        N/A       1%          3
d - Summon Guardian Gole  Hex/Summ       25%        N/A       3%          3

Your spell library contained the following spells:

 Spells                   Type           Power      Damage    Failure   Level
 Summon Lightning Spire   Summ/Air       25%        N/A       12%         4


Dungeon Overview and Level Annotations

Branches:
Dungeon (5/15)             Temple (1/1) D:4           Sewer (visited)

Altars:
Ashenzari
Fedhas
Hepliaklqana
Makhleb
Nemelex Xobeh
Okawaru
Qazlal
Sif Muna
Trog
Uskayaw
Vehumet
Wu Jian
Xom
Yredelemnul
Zin
The Shining One


Innate Abilities, Weirdness & Mutations

You have a beak for a mouth.
You have claws for feet.
Your magical nature lets you fly swiftly and evasively.


Message History

The gnoll sergeant burns your rat.
Your rat dies!
Your rat's corpse disappears in a puff of smoke!
The gnoll zaps a wand.
The bolt of light hits you!
* * * LOW HITPOINT WARNING * * *
Your white imp hits the gnoll sergeant but does no damage.
Your quokka bites the gnoll sergeant but does no damage.
The gnoll sergeant hits your quokka with a +1 spear of flaming!
The gnoll sergeant burns your quokka.
Your quokka dies!
Your quokka's corpse disappears in a puff of smoke!
Your white imp hits the gnoll sergeant.
Your white imp freezes the gnoll sergeant.
Your white imp gestures at the gnoll sergeant.
The puff of frost hits the gnoll sergeant.
The gnoll sergeant hits your guardian golem with a +1 spear of flaming!
The gnoll sergeant burns your guardian golem.
The gnoll zaps a wand.
The bolt of light hits the gnoll!
The gnoll dies!
The bolt of light hits you.
* * * LOW HITPOINT WARNING * * *
Your white imp hits the gnoll sergeant but does no damage.
Casting: Summon Guardian Golem (dangerous; 3% risk of failure)
Confirm with . or Enter, or press ? or * to list all spells.
A beastly little devil appears in a puff of frigid air.
Your white imp disappears in a puff of smoke!
Your white imp gestures at the gnoll.
The puff of frost hits the gnoll!
The gnoll dies!
Your white imp gestures at the gnoll sergeant.
The puff of frost hits the gnoll sergeant!
The gnoll zaps a wand.
The bolt of light misses you.
The gnoll sergeant hits your white imp from afar with a +1 spear of flaming.
The gnoll sergeant burns your white imp.
Casting: Call Imp (safe; 1% risk of failure)
Confirm with . or Enter, or press ? or * to list all spells.
The gnoll sergeant hits your white imp with a +1 spear of flaming!
The gnoll sergeant burns your white imp.
The gnoll zaps a wand.
The bolt of light hits you!
You die...

####....## #............
.........# #............
.........## #............
..........########...)........
#######.......................
# #...............)<....... #
#..............g...9....... #
............##......g.......
....###.......#.@.....5.......
..## #..................##..#
#...........h.....## ..#
#......#.#######......##
#......##.# ##....## #......
..# ##..≈ .......... ##≈≈
.........( #≈≈# ..... ..#...
#≈≈+ ≈


You could see a gnoll sergeant (distracted, ally target), a gnoll, a friendly
guardian golem (summoned), a friendly wolf (summoned) and a friendly white imp
(summoned, sheltered).

Vanquished Creatures
  A hound (D:4)
  Terence (D:2)
  An iguana (D:4)
  5 adders
  A shadow imp (D:3)
  An ufetubus (D:5)
  A dart slug (D:2)
  8 orcs
  10 ball pythons
  4 bats
  7 endoplasms
  7 giant cockroaches
  3 goblins (D:2)
  5 hobgoblins
  6 quokkas
  5 frilled lizards
  5 kobolds
  3 rats
  A spectral hobgoblin (D:2)
75 creatures vanquished.

Vanquished Creatures (collateral kills)
  Sigmund (D:2)
  Menkaure (D:4)
  An ogre (D:5)
  A black bear (D:5)
  3 jellies (Sewer)
  A hound (D:3)
  Robin (D:2)
  A gnoll (D:5)
  5 adders
  2 river rats (Sewer)
  A worm (D:2)
  2 orcs (D:4)
  2 bats
  6 endoplasms
  3 giant cockroaches
  8 goblins
  5 hobgoblins
  A quokka (D:2)
  A ball python (D:1)
  5 frilled lizards
  4 kobolds
  5 rats
60 creatures vanquished.

Vanquished Creatures (others)
  Pikel (D:4)
  A lemure (D:4)
  Blork the orc (D:4)
  A gnoll (D:5)
4 creatures vanquished.

Grand Total: 139 creatures vanquished

Notes
Turn   | Place    | Note
-------+----------+-------------------------------------------
     0 | D:1      | nightchill the Tengu Summoner began the quest for the Orb.
     0 | D:1      | Reached XP level 1. HP: 10/10 MP: 4/4
    47 | D:1      | Reached skill level 5 in Summonings
   179 | D:1      | Reached XP level 2. HP: 9/15 MP: 3/6
   312 | D:1      | Learned a level 2 spell: Call Imp
   623 | D:1      | Reached XP level 3. HP: 19/19 MP: 0/7
  1168 | D:2      | Learned a level 3 spell: Call Canine Familiar
  1665 | D:2      | Found a faded altar of an unknown god.
  1683 | D:2      | Reached skill level 6 in Summonings
  2004 | D:2      | Reached XP level 4. HP: 23/23 MP: 9/9
  2053 | D:2      | Noticed Sigmund
  2083 | D:2      | Killed Sigmund
  2084 | D:2      | Reached skill level 7 in Summonings
  2084 | D:2      | Gained mutation: Your magical nature lets you fly swiftly
                  | and evasively. [Tengu growth]
  2084 | D:2      | Reached XP level 5. HP: 22/28 MP: 2/11
  2084 | D:2      | Reached XP level 6. HP: 25/32 MP: 2/12
  2195 | D:2      | Noticed Robin
  2212 | D:2      | Killed Robin
  2314 | D:2      | Found an iron altar of Okawaru.
  2430 | D:2      | Noticed Terence
  2472 | D:2      | Killed Terence
  2995 | D:3      | Learned a level 3 spell: Summon Guardian Golem
  3159 | D:3      | Reached skill level 8 in Summonings
  3172 | D:3      | Found a glowing silver altar of Zin.
  3886 | D:4      | Found a staircase to the Ecumenical Temple.
  3897 | Temple   | Entered the Ecumenical Temple
  4122 | Temple   | Became a worshipper of Ashenzari the Shackled
  4395 | D:4      | Noticed Pikel
  4409 | D:4      | Killed Pikel
  4410 | D:4      | Reached skill level 9 in Summonings
  4410 | D:4      | Reached XP level 7. HP: 36/36 MP: 6/15
  4410 | D:4      | Reached XP level 8. HP: 41/41 MP: 6/16
  4500 | D:4      | Reached skill level 5 in Spellcasting
  4500 | D:4      | Reached skill level 10 in Summonings
  4532 | D:4      | Found a hide-covered altar of Uskayaw.
  4776 | D:4      | Found a sparkling altar of Nemelex Xobeh.
  4905 | D:4      | Noticed Blork the orc
  4928 | D:4      | Killed Blork the orc
  5054 | D:4      | Noticed Menkaure
  5069 | D:4      | Killed Menkaure
  5312 | D:4      | You are sucked into a shaft and drop 1 floor!
  5312 | D:5      | Entered Level 5 of the Dungeon
  5411 | D:5      | Found a glowing drain.
  5456 | Sewer    | Entered a sewer
  5544 | Sewer    | Reached skill level 11 in Summonings
  5555 | Sewer    | Found a viscous altar of Jiyva.
  5871 | D:5      | Killed from afar by a gnoll

Illustrated notes

Levels and vault maps discovered:
D:1:      minmay_arrival_up_and_down, layout_basic
D:2:      layout_basic, basic_altar, dreamdust_ecumenical_altar_drowned_temple,
          uniq_terence, uniq_robin, uniq_sigmund
D:3:      layout_loops_cross, mainiacjoe_overflow_tiny_flanked
D:4:      layout_loops_corners, nemelex_dance_club_becter,
          nicolae_uskayaw_suspiria, minmay_temple_entry_ruins, uniq_pikel,
          uniq_blork_the_orc, uniq_menkaure
D:5:      layout_layer_cave, lemuel_mausoleum_altar_kikubaaqudgha,
          nicolae_ru_path_of_blood, gup_sewer_entry_glass, water_boxes_lemuel
Temple:   oiseaux_autumnal_temple

Skill      XL: |  1  2  3  4  5  6  7  8 |
---------------+-------------------------+-----
Summonings     | 5 6 7 9 11 | 11.3
Spellcasting   | 3 4 5 |  5.8
Dodging        | |  2.1
Stealth        | |  2.0

Action                   |  1- 3 |  4- 6 |  7- 9 || total
-------------------------+-------+-------+-------++-------
Melee: Dagger            |    65 |   102 |    61 ||   228
       Kick              |    16 |    25 |    16 ||    57
       Peck              |     9 |    17 |     9 ||    35
       Punch             |       |     3 |       ||     3
 Cast: Summon Small Mamm |    32 |    15 |    19 ||    66
       Call Imp          |     8 |    11 |    13 ||    32
       Call Canine Famil |       |     6 |    10 ||    16
       Summon Guardian G |       |     2 |     4 ||     6
Invok: Curse Item        |       |       |     1 ||     1
  Use: Potion            |     1 |     1 |       ||     2
       Scroll            |       |     3 |     2 ||     5
 Stab: Sleeping          |     3 |     6 |     6 ||    15
       Distracted        |       |     1 |       ||     1
Armor: Robe              |    19 |    50 |    25 ||    94
Dodge: Dodged            |    46 |    78 |    51 ||   175
